 Dungeon Crawl Stone Soup version 0.30-a0-329-g85436e0a43 (webtiles) character file.

Game seed: 16162055221567425430

237 blackman the Chopper (level 6, -19/47 HPs)
             Began as a Human Delver on Oct 28, 2022.
             Was a Follower of Qazlal.
             Demolished by an ogre
             ... wielding a +0 giant club
              (28 damage)
             ... on level 4 of the Dungeon.
             The game lasted 00:05:11 (2825 turns).

blackman the Chopper (Human Delver)                 Turns: 2825, Time: 00:05:12

Health: -19/47     AC:  8    Str: 20    XL:     6   Next: 28%
Magic:  15/15      EV:  8    Int: 10    God:    Qazlal [*.....]
Gold:   207        SH:  2    Dex: 15    Spells: 5/5 levels left

rFire   . . .      SeeInvis +    l - +10 war axe "Orhumom" {vorpal, MP+9 SInv}
rCold   . . .      Faith    .    (no shield)
rNeg    . . .      Spirit   .    k - +0 chain mail
rPois   .          Reflect  .    (no helmet)
rElec   .          Harm     .    (no cloak)
rCorr   .          Rampage  .    (no gloves)
Will    .....                    (no boots)
Stlth   ..........               (no amulet)
HPRegen 0.27/turn                A - +6 ring of strength
MPRegen 0.14/turn                (no ring)

@: no status effects
A: no striking features
a: Renounce Religion


You were on level 4 of the Dungeon.
You worshipped Qazlal.
Qazlal was aware of your devotion.
You visited 2 branches of the dungeon, and saw 7 of its levels.

You collected 207 gold pieces.

Inventory:

Hand Weapons
 a - a +0 falchion
 e - the +8 spear "Lostrid" {vorpal, Will+ Str-3 Dex+2 Stlth+}
   (You found it on level 3 of the Dungeon)

   It inflicts extra damage upon your enemies.
   Str:       It affects your strength (-3).
   Dex:       It affects your dexterity (+2).
   Will:      It increases your willpower.
   Stlth:     It makes you more stealthy.
 l - the +10 war axe "Orhumom" (weapon) {vorpal, MP+9 SInv}
   (You found it on level 2 of the Dungeon)

   It inflicts extra damage upon your enemies.
   MP:        It affects your magic capacity (+9).
   SInv:      It lets you see invisible.
Missiles
 j - 5 boomerangs (quivered)
 y - 6 poisoned darts
Armour
 b - a +0 leather armour
 k - a +0 chain mail (worn)
Jewellery
 m - an amulet of magic regeneration
 A - a +6 ring of strength (left hand)
Wands
 g - a wand of digging (2)
Scrolls
 c - a scroll of fog
 d - 2 scrolls of enchant armour {unknown}
 i - 3 scrolls of identify {unknown}
 n - a scroll of immolation {unknown}
 p - a scroll of teleportation {unknown}
 q - a scroll of blinking {unknown}
 r - a scroll of summoning {unknown}
 t - a scroll of amnesia {unknown}
 v - a scroll of vulnerability {unknown}
Potions
 f - 3 potions of degeneration {unknown}
 h - a potion of attraction {unknown}
 o - a potion of might {unknown}
 s - a potion of magic {unknown}
 u - 2 potions of curing {unknown}
 w - a potion of cancellation {unknown}
 x - a potion of heal wounds {unknown}
 z - a potion of flight {unknown}
 B - a potion of haste


   Skills:
 - Level 3.0 Fighting
 - Level 2.2 Long Blades
 * Level 5.3(5.4) Axes
 - Level 1.2(3.5) Polearms
 - Level 2.0 Dodging
 - Level 5.0 Stealth


You had 5 spell levels left.
You didn't know any spells.
Your spell library contained the following spells:

 Spells                   Type           Power      Damage    Failure   Level
 Blink                    Tloc           0%         N/A       100%        2
 Momentum Strike          Conj/Tloc      0%         3d8       100%        2
 Lesser Beckoning         Tloc           0%         N/A       100%        3


Dungeon Overview and Level Annotations

Branches:
Dungeon (6/15)             Temple (1/1) D:6

Altars:
Gozag
Okawaru
Qazlal
Trog
Uskayaw
Vehumet
Yredelemnul


Message History

An ogre is nearby!
An ogre is nearby!
An ogre is nearby!
An ogre is nearby!
An ogre is nearby!
The ogre shouts!
You see here a potion of haste.
B - a potion of haste
u - 2 inky potions (gained 1)
There are no items here.
There is a stone staircase leading up here.
You climb upwards.
There is a stone staircase leading down here.
You start resting.
HP restored.
You start waiting.
You start waiting.
Done waiting.
You climb downwards.
The ogre hits you with a +0 giant club!!
There is a stone staircase leading up, spattered with blood here.
You barely miss the ogre.
The ogre hits you with a +0 giant club!!
* * * LOW HITPOINT WARNING * * *
You are too injured to fight recklessly!
You are too injured to fight recklessly!
You are too injured to fight recklessly!
You are too injured to fight recklessly!
You are too injured to fight recklessly!
You are too injured to fight recklessly!
You are too injured to fight recklessly!
You are too injured to fight recklessly!
You are too injured to fight recklessly!
You are too injured to fight recklessly!
You barely miss the ogre. The ogre hits you with a +0 giant club.
* * * LOW HITPOINT WARNING * * *
You barely miss the ogre.
The ogre hits you with a +0 giant club!!
Ouch! That really hurt!
You die...

#.#O##.....# ##
#.#.##†....###..
#.#.##.....#$...
# #.............
####..........
#..........
#..........
##[.○..#....
#..O@...##..
#.....☼......
#..##..######.
.... ..##
........#
.!.......
......... ......


You could see an ogre.

Vanquished Creatures
  A water moccasin (D:4)
  A jelly (D:4)
  Terence (D:3)
  A gnoll (D:1)
  2 adders
  A worm (D:2)
  An orc (D:3)
  6 endoplasms
  2 giant cockroaches
  6 goblins
  4 hobgoblins
  6 kobolds
  A quokka (D:4)
  3 ball pythons
  3 bats
  5 frilled lizards
  2 rats
46 creatures vanquished.

Vanquished Creatures (others)
  3 fungi (D:5)
  A plant (D:6)
4 creatures vanquished.

Grand Total: 50 creatures vanquished

Notes
Turn   | Place    | Note
-------+----------+-------------------------------------------
     0 | D:5      | blackman the Human Delver began the quest for the Orb.
     0 | D:5      | Reached XP level 1. HP: 18/18 MP: 1/1
    32 | D:5      | Noticed a scorpion
    86 | D:6      | Noticed a scorpion
   131 | D:6      | Noticed a hound
   148 | D:6      | Found a staircase to the Ecumenical Temple.
   154 | Temple   | Entered the Ecumenical Temple
   186 | Temple   | Became a worshipper of Qazlal Stormbringer
   251 | D:5      | Noticed an ogre
   263 | D:5      | Noticed a scorpion
   282 | D:4      | Noticed an ogre
   328 | D:3      | Identified the +8 spear "Lostrid" {vorpal, Will+ Str-3
                  | Dex+2 Stlth+}
   417 | D:2      | Reached skill level 1 in Polearms
   472 | D:2      | Found a faded altar of an unknown god.
   475 | D:2      | Reached XP level 2. HP: 24/24 MP: 2/2
   476 | D:2      | Identified the +10 war axe "Orhumom" {vorpal, MP+9 SInv}
   792 | D:1      | Reached skill level 1 in Axes
   863 | D:1      | Reached XP level 3. HP: 29/29 MP: 3/3
  1109 | D:1      | Reached * piety under Qazlal
  1576 | D:2      | Reached XP level 4. HP: 35/35 MP: 4/4
  2081 | D:3      | Noticed Terence
  2089 | D:3      | Killed Terence
  2170 | D:3      | Reached XP level 5. HP: 37/41 MP: 5/5
  2593 | D:4      | Noticed a water moccasin
  2599 | D:4      | Killed a water moccasin
  2600 | D:4      | Reached skill level 5 in Axes
  2600 | D:4      | Reached XP level 6. HP: 24/47 MP: 6/6
  2825 | D:4      | Demolished by an ogre

Illustrated notes

Levels and vault maps discovered:
D:1:      amcnicky_arrival_feature_with_door, layout_basic
D:2:      layout_basic, hellmonk_ecumenical_altar_lost_god
D:3:      layout_basic, moated_statue, uniq_terence
D:4:      layout_rooms, kennysheep_opposing_triangles, uniq_eustachio
D:5:      layout_rooms, mainiacjoe_overflow_surrounded_room, old_standard_altar,
          serial_aquarium, aquarium_bridge_straight [aquarium_subvault_bridge,
          aquarium_subvault_wall, aquarium_subvault_bridge,
          aquarium_subvault_window], aquarium_window_fake,
          aquarium_window_corner, aquarium_window_double, aquarium_view_2a,
          aquarium_view_2d, aquarium_balcony_1a, kennysheep_generic_room_15
D:6:      layout_basic, nicolae_hepliaklqana_hazy_memory, temple_green,
          st_stairs_5, chequers_serial_rivers_micro_d,
          corexii_item_surrounded_by_moat, minmay_misc_feat_enclosed
Temple:   hellmonk_temple_two_chambers

Skill      XL: |  1  2  3  4  5 |
---------------+----------------+-----
Polearms       | 1 |  1.2
Axes           | 1 2 3 5 |  5.3
Fighting       | |  3.0
Long Blades    | |  2.2
Dodging        | |  2.0
Stealth        | |  5.0

Action                   |  1- 3 |  4- 6 || total
-------------------------+-------+-------++-------
Melee: Spear             |     7 |       ||     7
       Falchion          |     1 |       ||     1
       War axe           |    39 |    31 ||    70
Throw: Boomerang         |       |     2 ||     2
Evoke: Wand              |     1 |       ||     1
  Use: Scroll            |     2 |       ||     2
       Potion            |     1 |       ||     1
Armor: Chain mail        |    23 |    11 ||    34
       Leather armour    |     1 |       ||     1
Dodge: Dodged            |    17 |    10 ||    27
Block: Other             |     1 |       ||     1

Table legend: (Time is in decaauts)
 A = Elapsed time spent in this place.
 B = Non-inter-level travel time spent in this place.
 C = Inter-level travel time spent in this place.
 D = Time resting spent in this place.
 E = Time spent auto-exploring this place.
 F = Levels seen in this place.
 G = Mean time per level.
                   A        B        C        D        E       F      G
               +--------+--------+--------+--------+--------+-----+--------+
         Total |   2830 |   2636 |    194 |    135 |   2102 |   7 |  404.3 |
       Dungeon |   2792 |   2622 |    170 |    135 |   2091 |   6 |  465.3 |
        Temple |     38 |     14 |     24 |      0 |     11 |   1 |   38.0 |
               +--------+--------+--------+--------+--------+-----+--------+

Top non-repeatable levels by time:
     D:2: 913 daAuts
     D:3: 779 daAuts
     D:1: 747 daAuts
     D:6: 137 daAuts
     D:4: 116 daAuts
     D:5: 98 daAuts
  Temple: 38 daAuts
